 Dungeon Crawl Stone Soup version 0.27-a0-1331-g60ef6b6952 (webtiles) character file.

Game seed: 2710065464114435439

686975 Delamore the Executioner (level 27, -3/352 HPs)
             Began as a Formicid Fighter on June 25, 2021.
             Was an Initiate of Gozag.
             Slain by an emperor scorpion (18 damage)
             ... summoned by a royal mummy
             ... on level 7 of a ziggurat.
             The game lasted 01:43:15 (88537 turns).

Delamore the Executioner (Formicid Fighter)        Turns: 88537, Time: 01:43:15

Health: -3/352     AC: 33    Str: 32    XL:     27
Magic:  20/20      EV:  2    Int: 13    God:    Gozag
Gold:   1160       SH: 32    Dex: 10    Spells: 26/26 levels left

rFire    + + +     SeeInvis .   K - +7 executioner's axe of the Distant Future {spect, Will++}
rCold    . . .     Faith    .   W - +6 tower shield "Ireyfetedgh" {Str+7}
rNeg     + + +     Spirit   .   (armour currently unavailable)
rPois    +         Reflect  .   (helmet unavailable)
rElec    +         Harm     .   (cloak currently unavailable)
rCorr    +         Rampage  .   (gloves currently unavailable)
Will     +++++     Clarity  +   (boots currently unavailable)
Stlth    +.........             i - amulet of the Four Winds {rN+ Will+++ Clar}
HPRegen  0.68/turn              B - ring of the Tempest {Fire rN+ Slay+3}
MPRegen  0.17/turn              I - ring "Xepyuxye" {rPois rF+}

@: mighty, brilliant, tree-form, resistant, flayed
A: stationary, stasis, torment immunity, boosted hp, permanent stasis, dig
shafts and tunnels, (antennae 3), four strong arms, (hooves 1), low mp 1,
(electricity resistance), weak 2, MP-powered wands
}: 3/15 runes: decaying, serpentine, silver
a: End Transformation, Renounce Religion, Potion Petition, Call Merchant, Bribe
Branch


You were on level 7 of a ziggurat.
You worshipped Gozag.
Gozag was most pleased with you.
You were a tree.
You visited 12 branches of the dungeon, and saw 54 of its levels.
You visited 1 ziggurat, and saw 7 of its levels.
You also visited: Gauntlet and Ice Cave.

You collected 31941 gold pieces.
You spent 8520 gold pieces at shops.
You paid 22261 gold pieces to Gozag.

Inventory:

Hand Weapons
 K - the +7 executioner's axe of the Distant Future (weapon) {spect, Will++}
   (You took it off a necromancer on level 6 of the Lair of Beasts)

   When it strikes, its spirit leaps out and fights alongside the wielder.
   It greatly increases your willpower.
Missiles
 l - 26 javelins
 x - 14 boomerangs of dispersal
 z - 5 throwing nets
 H - 26 boomerangs
 L - 5 atropa-tipped darts
 M - 5 silver javelins (quivered)
Armour
 y - the +8 plate armour of the Red Skies (melded) {rElec rC++ Str+2 Int-2}
   (You found it on level 5 of the Depths)

   It affects your strength (+2).
   It affects your intelligence (-2).
   It greatly protects you from cold.
   It insulates you from electricity.
 N - the +2 pair of boots of the Illusory Portals (melded) {-Tele rN+ Dex+4 Stlth+}
   (You bought it in a shop on level 1 of the Orcish Mines)

   It affects your dexterity (+4).
   It protects you from negative energy.
   It prevents most forms of teleportation.
   It makes you more stealthy.
 R - a +2 pair of gloves of strength (melded)
 W - the +6 tower shield "Ireyfetedgh" (worn) {Str+7}
   (You found it in an ice cave)

   It affects your strength (+7).
 X - a scarf of resistance (melded)
Jewellery
 i - the amulet of the Four Winds (around neck) {rN+ Will+++ Clar}
   (You bought it in a shop on level 2 of the Orcish Mines)

   [amulet of nothing]

   It protects you from negative energy.
   It protects you against confusion.
   It greatly increases your willpower.
 p - the ring of Nurr {Will+ Slay+3}
   (You took it off a deep elf knight on level 3 of the Elven Halls)

   [ring of willpower]

   It affects your accuracy and damage with ranged weapons and melee attacks
   (+3).
   It increases your willpower.
 B - the ring of the Tempest (left branch) {Fire rN+ Slay+3}
   (You took it off a deep elf knight on level 1 of the Elven Halls)

   [ring of fire]

   It enhances your fire magic.
   It affects your accuracy and damage with ranged weapons and melee attacks
   (+3).
   It protects you from fire.
   It makes you vulnerable to cold.
   It protects you from negative energy.
 I - the ring "Xepyuxye" (right branch) {rPois rF+}
   (You bought it in a shop on level 1 of the Swamp)

   [ring of protection from fire]

   It protects you from fire.
   It protects you from poison.
 O - a ring of flight
 Q - the ring "Buqaehamau" {Will+ rCorr Str+5}
   (You took it off a draconian monk on level 3 of the Realm of Zot)

   [ring of willpower]

   It affects your strength (+5).
   It protects you from acid and corrosion.
   It increases your willpower.
Wands
 e - a wand of paralysis (46)
 r - a wand of acid (30)
 u - a wand of mindburst (26)
 v - a wand of iceblast (59)
 D - a wand of flame (115)
 J - a wand of charming (38)
Scrolls
 a - 6 scrolls of fear
 f - 17 scrolls of amnesia
 h - 7 scrolls of fog
 q - 4 scrolls of enchant armour
 w - 11 scrolls of enchant weapon
 C - 9 scrolls of immolation
 S - 39 scrolls of identify
 U - 4 scrolls of brand weapon
 V - 3 scrolls of silence
 Y - 8 scrolls of magic mapping
 Z - a scroll of holy word
Potions
 b - 5 potions of ambrosia
 c - 2 potions of cancellation
 d - 8 potions of might
 g - 7 potions of mutation
 k - 9 potions of brilliance
 o - 23 potions of curing
 t - 13 potions of heal wounds
 A - 5 potions of magic
 F - 4 potions of resistance
 P - 4 potions of invisibility
 T - 4 potions of flight
Miscellaneous
 j - a condenser vane (inert)
 m - a phial of floods
 n - a tin of tremorstones (inert)
 s - a lightning rod (inert)
 E - a phantom mirror (inert)


   Skills:
 + Level 23.0 Fighting
 - Level 24.8(26.0) Axes
 - Level 15.2(21.6) Polearms
 - Level 6.0 Throwing
 - Level 20.0 Armour
 + Level 14.9 Dodging
 + Level 23.5 Shields
 - Level 20.0 Evocations


You had 26 spell levels left.
You didn't know any spells.
Your spell library contained the following spells:

 Spells                   Type           Power      Damage    Failure   Level
 Animate Skeleton         Necr           0%         N/A       30%         1
 Apportation              Tloc           0%         N/A       30%         1
 Beastly Appendage        Tmut           0%         N/A       30%         1
 Corona                   Hex            0%         N/A       30%         1
 Foxfire                  Conj/Fire      0%         2x1d4     30%         1
 Freeze                   Ice            0%         1d3       30%         1
 Magic Dart               Conj           0%         1d3       30%         1
 Sandblast                Erth           0%         2d4       30%         1
 Shock                    Conj/Air       0%         1d3       30%         1
 Sting                    Tmut/Pois      0%         1d3       30%         1
 Summon Small Mammal      Summ           0%         N/A       30%         1
 Call Imp                 Summ           0%         N/A       43%         2
 Corpse Rot               Necr/Air       N/A        N/A       43%         2
 Ensorcelled Hibernation  Hex/Ice        0%         N/A       43%         2
 Passwall                 Tmut/Erth      0%         N/A       43%         2
 Poisonous Vapours        Pois/Air       0%         N/A       43%         2
 Searing Ray              Conj           0%         3d3       43%         2
 Slow                     Hex            0%         N/A       43%         2
 Static Discharge         Conj/Air       0%         N/A       43%         2
 Sublimation of Blood     Necr           0%         N/A       43%         2
 Wereblood                Tmut           0%         N/A       43%         2
 Call Canine Familiar     Summ           0%         N/A       67%         3
 Confusing Touch          Hex            0%         N/A       67%         3
 Conjure Flame            Conj/Fire      0%         6-21      67%         3
 Dazzling Flash           Conj/Hex       0%         N/A       67%         3
 Frozen Ramparts          Ice            0%         1d2       67%         3
 Gell's Gravitas          Tloc           0%         N/A       67%         3
 Ignite Poison            Fire/Tmut/Pois 0%         N/A       67%         3
 Inner Flame              Hex/Fire       0%         N/A       67%         3
 Lesser Beckoning         Tloc           0%         N/A       67%         3
 Mephitic Cloud           Conj/Pois/Air  0%         N/A       67%         3
 Ozocubu's Armour         Ice            0%         N/A       67%         3
 Portal Projectile        Hex/Tloc       0%         N/A       67%         3
 Spider Form              Tmut/Pois      0%         N/A       67%         3
 Stone Arrow              Conj/Erth      0%         3d7       67%         3
 Summon Guardian Golem    Hex/Summ       0%         N/A       67%         3
 Teleport Other           Tloc           0%         N/A       67%         3
 Tukima's Dance           Hex            0%         N/A       67%         3
 Animate Armour           Summ/Erth      0%         N/A       97%         4
 Cause Fear               Hex            0%         N/A       97%         4
 Dispel Undead            Necr           0%         3d6       97%         4
 Hailstorm                Conj/Ice       0%         3d3       97%         4
 Ice Form                 Ice/Tmut       0%         N/A       97%         4
 Leda's Liquefaction      Hex/Erth       0%         N/A       97%         4
 Olgreb's Toxic Radiance  Pois           0%         N/A       97%         4
 Passage of Golubria      Tloc           N/A        N/A       97%         4
 Petrify                  Tmut/Erth      0%         N/A       97%         4
 Sticky Flame             Conj/Fire      0%         2d3       97%         4
 Summon Ice Beast         Ice/Summ       0%         N/A       97%         4
 Summon Lightning Spire   Summ/Air       0%         N/A       97%         4
 Agony                    Necr           0%         N/A       100%        5
 Alistair's Intoxication  Tmut/Pois      0%         N/A       100%        5
 Bolt of Magma            Conj/Fire/Erth 0%         4d4       100%        5
 Borgnjor's Vile Clutch   Necr/Erth      0%         N/A       100%        5
 Excruciating Wounds      Necr           0%         N/A       100%        5
 Fireball                 Conj/Fire      0%         3d3       100%        5
 Freezing Cloud           Conj/Ice/Air   0%         6-21      100%        5
 Iskenderun's Battlesphe  Conj           0%         2d6       100%        5
 Lee's Rapid Deconstruct  Erth           0%         3d5*      100%        5
 Lightning Bolt           Conj/Air       0%         1d11      100%        5
 Manifold Assault         Tloc           0%         N/A       100%        5
 Metabolic Englaciation   Hex/Ice        0%         N/A       100%        5
 Silence                  Hex/Air        0%         N/A       100%        5
 Summon Forest            Summ/Tloc      0%         N/A       100%        5
 Summon Mana Viper        Hex/Summ       0%         N/A       100%        5
 Yara's Violent Unravell  Hex/Tmut       0%         3d3       100%        5
 Conjure Ball Lightning   Conj/Air       0%         3x3d6     100%        6
 Death Channel            Necr           0%         N/A       100%        6
 Dispersal                Tloc           0%         N/A       100%        6
 Eringya's Noxious Bog    Tmut/Pois      0%         N/A       100%        6
 Invisibility             Hex            0%         N/A       100%        6
 Iron Shot                Conj/Erth      0%         9d1       100%        6
 Simulacrum               Ice/Necr       0%         N/A       100%        6
 Starburst                Conj/Fire      0%         8x6d3     100%        6
 Haunt                    Necr/Summ      0%         N/A       100%        7
 Malign Gateway           Summ/Tloc      0%         N/A       100%        7
 Monstrous Menagerie      Summ           0%         N/A       100%        7
 Orb of Destruction       Conj           0%         N/A       100%        7
 Ozocubu's Refrigeration  Ice            0%         4d5       100%        7
 Spellforged Servitor     Conj/Summ      0%         N/A       100%        7
 Storm Form               Tmut/Air       0%         N/A       100%        7
 Summon Hydra             Summ           0%         N/A       100%        7
 Borgnjor's Revivificati  Necr           0%         N/A       100%        8
 Discord                  Hex            0%         N/A       100%        8
 Disjunction              Tloc           0%         N/A       100%        8
 Ignition                 Fire           0%         3d3       100%        8
 Infestation              Necr           0%         N/A       100%        8
 Lehudib's Crystal Spear  Conj/Erth      0%         10d2      100%        8
 Necromutation            Tmut/Necr      0%         N/A       100%        8
 Summon Horrible Things   Summ           0%         N/A       100%        8
 Chain Lightning          Conj/Air       0%         N/A       100%        9
 Death's Door             Necr           0%         N/A       100%        9
 Fire Storm               Conj/Fire      0%         5d1       100%        9
 Polar Vortex             Ice            0%         N/A       100%        9
 Shatter                  Erth           0%         3d5*      100%        9
 Blink                    Tloc           Unusable   N/A       N/A         2

Dungeon Overview and Level Annotations

Branches:
Dungeon (15/15)            Temple (1/1) D:6            Lair (6/6) D:10
  Swamp (4/4) Lair:2        Snake (4/4) Lair:4        Slime (0/5) Lair:5
    Orc (2/2) D:9             Elf (3/3) Orc:2        Vaults (5/5) D:14
  Crypt (3/3) Vaults:2       Tomb (0/3) Crypt:3      Depths (5/5) D:15
   Hell (visited)             Zot (5/5) Depths:5      IceCv (visited)
Gauntlet (visited)
    Dis: Hell:1         Geh: Hell:1         Coc: Hell:1         Tar: Hell:1

Altars:
Ashenzari
Cheibriados
Dithmenos
Elyvilon
Fedhas
Gozag
Hepliaklqana
Kikubaaqudgha
Makhleb
Nemelex Xobeh
Okawaru
Qazlal
Ru
Sif Muna
Trog
Uskayaw
Vehumet
Wu Jian
Xom
Yredelemnul
Zin
The Shining One
Beogh
Lugonu

Shops:
D:6 :   D:9 [   D:14 :   Orc:1 [   Orc:2 [!=?   Elf:1 ?*   Elf:3 !   Lair:3 (
Lair:6 !   Swamp:1 =   Snake:1 !   Snake:3 [   Snake:4 :==   Vaults:2 ?
Vaults:5 *   Zot:1 **

Portals:
Hell: Depths:1 Depths:2 Depths:3 Depths:4 Depths:5
Abyss: Lair:6 Depths:4 Depths:5
Pandemonium: Depths:3 Depths:5

Annotations:
Vaults:5 Jory
Hell Geryon


Innate Abilities, Weirdness & Mutations

You are a tree.
Your roots penetrate the ground, keeping you stationary.
You cannot be teleported.
You are immune to unholy pain and torment.
Your maximum health is greatly increased.
Your equipment is partially melded.
You cannot be hasted, slowed, berserked, paralysed or teleported.
You can dig through walls and to a lower floor.
((You have a pair of large antennae on your head. (SInv)))
Your four strong arms can wield two-handed weapons with a shield.
((You have large cloven feet.))
Your magical capacity is low. (-10% MP)
((You are resistant to electric shocks. (rElec)))
You are very weak. (Str -4)
You expend magic power (3 MP) to strengthen your wands.


Message History

The emperor scorpion stings you!
* * * LOW HITPOINT WARNING * * *
The emperor scorpion barely misses you.
You block the emperor scorpion's attack.
Okay, then.
The death scarab is no longer distracted by gold.
The sixfirhy is poisoned.
The sixfirhy is engulfed in poison gas.
The sixfirhy looks even sicker.
The sixfirhy is engulfed in poison gas.
The sixfirhy looks even sicker.
The royal mummy gestures at you while chanting.
Something smites you!
* * * LOW HITPOINT WARNING * * *
The sixfirhy is engulfed in poison gas.
The sixfirhy looks as sick as possible!
You block the emperor scorpion's attack. x2
The emperor scorpion misses you.
The flayed ghost cries, "Feel what I felt!"
Terrible wounds open up all over your body!
* * * LOW HITPOINT WARNING * * *
The mummy priest hits you.
* * * LOW HITPOINT WARNING * * *
The sixfirhy is engulfed in poison gas.
The sixfirhy looks as sick as possible! [a] - 200 gold - resistance [b] - 841 gold - brilliance, magic, lignification, might and resistance [c] - 240 gold - heal wounds and curing Purchase which effect?
You feel clever all of a sudden. Magic courses through your body.
You turn into a tree.
Your scarf of resistance melds into your body.
Your +2 pair of gloves of strength melds into your body.
The +2 pair of boots of the Illusory Portals {-Tele rN+ Dex+4 Stlth+} melds into your body.
The +8 plate armour of the Red Skies {rElec rC++ Str+2 Int-2} melds into your body.
You feel hot and cold all over.
You feel weaker.
Your roots penetrate the ground.
You feel very mighty all of a sudden.
You feel protected.
The death scarab is no longer distracted by gold. x3
The sixfirhy is engulfed in poison gas.
The sixfirhy looks as sick as possible!
You block the death scarab's attack. x2; The emperor scorpion stings you!!
You die...
Your body crumbles into a pile of gold.

▓▓ ▓▓▓▓▓.▓▓▓▓▓
▓▓.........▓
▓▓...........
▓▓......4.°§§.
▓......W..§§§}
▓▓....s3BZMM§§?
▓..∩..sss§M§§§$
$
▓▓....♣ssM§§{$(
$
▓....BMBB§§§{$$
▓▓...B......§.
▓▓...........
▓▓.........▓
▓▓▓▓▓.▓▓▓▓▓ ▓▓


You could see 2 royal mummies, 6 emperor scorpions, 2 mummy priests, a flayed
ghost (summoned), a rust devil (summoned), a sixfirhy (summoned, extremely
poisoned), 5 death scarabs, a mummy and a shadow dragon skeleton.

Vanquished Creatures
  A pandemonium lord (Zig:2)
  5 dread liches
  5 orbs of fire
  2 ancient liches (Crypt:3)
  Mara (Snake:4)
  2 juggernauts (Zig:5)
  8 Killer Klowns
  Frederick (Crypt:1)
  the Lernaean hydra (Swamp:4)
  Vashnia (Snake:4)
  2 curse toes
  6 caustic shrikes
  13 golden dragons
  2 bone dragons (Crypt:3)
  the Enchantress (Depths:2)
  2 electric golems
  10 tentacled monstrosities
  A shard shrike skeleton (Crypt:3)
  3 liches
  17 Orb Guardians (Zot:5)
  A deep elf master archer (Elf:3)
  3 deep elf blademasters
  The ghost of EldarEldrad the Devastator, an adept DEFE of Vehumet (Snake:3)
  11 quicksilver dragons
  7 ancient champions
  9 death cobs
  14 storm dragons
  Kirke (Lair:3)
  Agnes (Snake:4)
  2 sphinxes
  6 tengu reavers
  9 draconian monks
  An azure jelly (IceCv)
  A fenstrider witch (Swamp:1)
  5 shadow dragons
  A revenant (Crypt:2)
  6 fire giants
  17 vault wardens
  6 nagarajas
  6 draconian knights
  2 iron dragons
  7 frost giants
  8 deep elf sorcerers (Elf:3)
  2 orc warlords
  Aizul (Snake:2)
  8 draconian scorchers
  Louise (Snake:2)
  4 ghost moths
  2 deep elf elementalists (Elf:3)
  4 ghouls
  3 curse skulls
  4 draconian shifters
  5 draconian stormcallers
  6 caustic shrike skeletons (Depths:2)
  A quicksilver ooze (IceCv)
  12 draconian annihilators
  21 ironbound preservers
  The ghost of Ytiohuf the Earth Mage, a journeyman GrEE of Vehumet (D:15)
  2 reapers
  2 war gargoyles
  24 very ugly things
  6 spriggan defenders
  13 stone giants
  7 vampire knights
  2 deep elf annihilators (Elf:3)
  13 black draconians
  7 deep elf demonologists
  20 green draconians
  2 spark wasps (Depths:4)
  12 white draconians
  5 bunyips
  16 red draconians
  7 dire elephants
  15 purple draconians
  16 yellow draconians
  2 minotaurs
  3 eleionomae
  13 ettins
  A crystal guardian (Vaults:4)
  5 eidola
  A mummy priest (Zig:7)
  8 deep elf death magi
  A blizzard demon (Depths:3)
  The ghost of waddelsworth the Destroyer, a journeyman GnCj of Ashenzari (Lair:3)
  7 fire dragons
  7 jiangshi
  The ghost of 27snakeeyes612 the Fighter, a journeyman MiBe of Trog (D:11)
  12 yaktaur captains
  9 great orbs of eyes
  6 rakshasas
  A great orb of eyes (shapeshifter) (Vaults:5)
  Fannar (Orc:1)
  5 deep elf high priests
  5 ironbound thunderhulks
  5 boulder beetles
  17 naga warriors
  A shambling mangrove (Swamp:2)
  A monstrous demonspawn (Depths:3)
  A peacekeeper (Vaults:3)
  22 vault guards
  A hell beast (Depths:3)
  8 ice dragons
  5 spriggan air magi
  Erolcha (D:9)
  An anaconda (shapeshifter) (Zig:6)
  7 salamander tyrants
  Erica (D:8)
  20 hydras
  6 ironbound frosthearts
  5 ogre magi
  A ghost crab (Swamp:4)
  5 anacondas
  10 centaur warriors
  19 death yaks
  4 death knights
  17 two-headed ogres
  8 alligators
  7 deep troll shamans
  A hell hog (Depths:3)
  13 tengu warriors
  5 vampire magi
  Urug (Lair:5)
  4 deep troll earth magi
  4 ironbound beastmasters
  A spectral dire elephant (Lair:6)
  24 deep elf knights
  7 shock serpents
  Nergalle (D:11)
  A hell knight (Depths:4)
  Sonja (D:11)
  7 spriggan berserkers
  14 naga sharpshooters
  7 salamander mystics
  3 soul eaters
  4 shadow wraiths
  7 iron trolls
  3 sixfirhies (Depths:5)
  A spectral death yak (Lair:6)
  An iron troll (shapeshifter) (Zig:4)
  2 goliath frogs
  9 skeletal warriors
  6 flayed ghosts
  A death drake (shapeshifter) (Zig:6)
  A spectral anaconda (Lair:6)
  11 spriggan druids
  13 swamp dragons
  74 deep trolls
  23 deep elf archers
  Pikel (D:5)
  4 bog bodies
  12 phantasmal warriors
  2 glowing orange brains
  4 harpies (Vaults:3)
  An obsidian statue (Lair:6)
  A gelid demonspawn (Depths:5)
  14 wizards
  24 ironbound convokers
  41 deep elf zephyrmancers
  A bunyip skeleton (Crypt:3)
  4 lindwurms
  An anaconda skeleton (Crypt:2)
  An orange crystal statue (D:12)
  A sphinx zombie (Vaults:4)
  9 mana vipers
  2 iron dragon zombies
  3 naga ritualists
  12 necromancers
  An orb spider (shapeshifter) (D:14)
  6 cyclopes
  18 deep elf pyromancers
  An orc sorcerer (Elf:1)
  5 will-o-the-wisps
  The ghost of freidrichen the Magician, a novice DjWz of Lugonu (D:7)
  5 manticores
  A wolf spider (D:15)
  45 ugly things
  6 orc knights
  A fire giant zombie (Crypt:1)
  A shadow dragon skeleton (Crypt:3)
  24 salamanders
  16 elephants
  4 spectral centaurs (D:11)
  18 moths of wrath
  2 elf zombies
  2 sphinx skeletons
  A frost giant skeleton (Depths:4)
  A titan simulacrum (Vaults:3)
  2 dire elephant zombies
  A rust devil (Depths:3)
  4 ice statues
  Joseph (D:9)
  40 black mambas
  12 naga magi
  2 gargoyles
  9 guardian serpents
  3 smoke demons (Depths:4)
  10 vault sentinels
  17 cane toads
  Psyche (D:8)
  A komodo dragon (shapeshifter) (Elf:2)
  A dire elephant skeleton (Crypt:3)
  A kobold demonologist (Depths:5)
  2 rime drakes
  2 efreet
  11 komodo dragons
  23 yaktaurs
  A hellwing (Depths:5)
  5 freezing wraiths
  2 spriggan skeletons (Depths:3)
  A yaktaur (shapeshifter) (Depths:2)
  6 tengu conjurers
  A tormentor (Depths:5)
  2 entropy weaver simulacra (IceCv)
  5 guardian mummies
  3 red devils
  A hydra zombie (Crypt:2)
  A meliai (Lair:3)
  2 very ugly thing simulacra (IceCv)
  A merfolk (D:12)
  A meliai (shapeshifter) (Elf:1)
  14 trolls
  A green draconian skeleton (Crypt:2)
  12 tyrant leeches
  A black draconian skeleton (Crypt:2)
  A sphinx simulacrum (Depths:3)
  A queen bee (Lair:3)
  A tengu simulacrum (Depths:3)
  27 hornets
  10 blink frogs
  70 slime creatures
  A fire giant simulacrum (Vaults:4)
  A stone giant simulacrum (Vaults:3)
  A spectral elephant (Lair:6)
  A boulder beetle zombie (Crypt:1)
  3 air elementals (Elf:1)
  A frost giant simulacrum (Depths:4)
  A snapping turtle (shapeshifter) (Zig:6)
  2 shadows (Gauntlet)
  An ettin skeleton (Vaults:3)
  A fire dragon skeleton (Crypt:3)
  7 flying skulls
  An alligator skeleton (Crypt:3)
  A satyr skeleton (Crypt:2)
  A vampire (D:11)
  2 ushabtiu (Zig:7)
  50 spriggans
  5 water elementals
  58 yaks
  9 wraiths
  A wyvern (Lair:3)
  3 fire elementals (Elf:1)
  A basilisk (shapeshifter) (D:8)
  4 basilisks
  A death yak simulacrum (Lair:6)
  4 hogs (Lair:3)
  A chaos spawn (Zig:4)
  2 steam dragons
  An elf skeleton (Zig:7)
  21 vampire mosquitoes
  2 spectral cane toads (Lair:6)
  3 demonic crawler simulacra (IceCv)
  40 nagas
  An infernal demonspawn zombie (Crypt:3)
  A glowing shapeshifter zombie (Crypt:2)
  19 swamp worms
  3 wargs
  2 acid dragons
  A floating eye (Depths:3)
  13 water moccasins
  10 swamp drakes
  9 orc warriors
  A black bear (D:6)
  6 necrophages
  3 ugly thing simulacra (IceCv)
  2 ice beasts (D:6)
  22 ogres
  A sky beast (D:3)
  17 wolves
  7 centaurs
  2 elephant skeletons (Lair:6)
  2 lemures (D:5)
  2 phantoms
  A blink frog skeleton (Crypt:3)
  5 kobold brigands
  A human zombie (Vaults:3)
  3 earth elementals
  12 bullfrogs
  2 gnoll sergeants
  A scorpion (D:7)
  2 glowing shapeshifter simulacra
  4 cane toad simulacra (Lair:6)
  A wyvern skeleton (Crypt:2)
  A water moccasin skeleton (D:5)
  A raiju zombie (Crypt:1)
  15 killer bees
  3 elephant simulacra (Lair:6)
  14 wights
  3 howler monkeys (D:9)
  4 electric eels
  11 centaur zombies
  A bullfrog zombie (D:4)
  7 jellies
  2 hounds
  A basilisk zombie (Crypt:1)
  2 bullfrog skeletons
  8 orc priests
  A scorpion zombie (D:5)
  3 iguanas
  21 orc wizards
  4 hell rats (Lair:3)
  A killer bee zombie (D:5)
  A felid zombie (Crypt:1)
  A dwarf skeleton (Crypt:2)
  A felid skeleton (Crypt:3)
  A hound zombie (D:5)
  A mummy (Zig:7)
  2 howler monkey zombies
  9 gnolls
  7 adders
  A howler monkey skeleton (D:7)
  7 river rats (Lair:3)
  An iguana skeleton (Crypt:3)
  4 worms
  3 dart slugs
  39 orcs
  9 endoplasms
  3 giant cockroaches
  7 hobgoblins
  6 jackals (D:1)
  3 quokkas
  5 ball pythons
  9 bats
  A dart slug zombie (Crypt:3)
  3 frilled lizards
  4 goblins
  A hobgoblin skeleton (Crypt:1)
  A jackal skeleton (Crypt:3)
  17 kobolds
  11 rats
  A lurking horror (Lair:6)
  A plant (Depths:5)
2225 creatures vanquished.

Vanquished Creatures (collateral kills)
  2 Killer Klowns (Zot:5)
  An Orb Guardian (Zot:5)
  A shadow dragon (Vaults:5)
  2 draconian monks (Zot:5)
  A draconian scorcher (Zot:5)
  An ironbound preserver (Vaults:5)
  A yellow draconian (Zot:5)
  2 vault guards (Vaults:5)
  A moth of wrath (Zot:5)
  2 yaktaurs (Vaults:5)
  An orc warrior (Vaults:5)
15 creatures vanquished.

Vanquished Creatures (others)
  A dread lich (Zot:5)
  2 orbs of fire (Zot:5)
  2 Killer Klowns (Zot:5)
  An electric golem (Zot:5)
  7 Orb Guardians (Zot:5)
  A tentacled monstrosity (Zot:5)
  A titan (Vaults:5)
  A quicksilver dragon (Vaults:5)
  A sphinx (Vaults:5)
  2 storm dragons (Zot:5)
  2 shadow dragons
  A fire giant (Vaults:5)
  A deep elf sorcerer (Vaults:5)
  2 draconian shifters (Zot:5)
  2 vault wardens (Vaults:5)
  A draconian annihilator (Zot:5)
  A war gargoyle (Vaults:5)
  A stone giant (Vaults:5)
  A very ugly thing (Vaults:5)
  A green draconian (Zot:5)
  A white draconian (Zot:5)
  2 black draconians (Zot:5)
  A deep elf demonologist (Vaults:5)
  A purple draconian (Zot:5)
  A yellow draconian (Zot:5)
  A deep elf death mage (Vaults:5)
  2 deep elf high priests (Vaults:5)
  A yaktaur captain (Vaults:5)
  9 vault guards (Vaults:5)
  A hydra (D:15)
  41 dancing weapons
  A hell knight (Vaults:5)
  A glowing orange brain (shapeshifter) (D:15)
  A phantasmal warrior (Vaults:5)
  A wizard (Vaults:2)
  A deep elf zephyrmancer (Elf:1)
  An orc knight (Vaults:5)
  2 orc sorcerers (Vaults:5)
  2 moths of wrath (Zot:5)
  2 elephants (Lair:5)
  A cane toad (Lair:6)
  2 yaktaurs (Vaults:5)
  3 bloated husks
  A human (Lair:4)
  A fire elemental (Elf:1)
  A naga (Snake:4)
  3 orc warriors (Vaults:5)
  A black bear (Lair:1)
  An orc wizard (Vaults:5)
  An orc (Vaults:5)
  30 foxfires
  43 fungi
  61 plants
  15 withered plants (Lair:6)
269 creatures vanquished.

Grand Total: 2509 creatures vanquished

Notes
Turn   | Place    | Note
-------+----------+-------------------------------------------
     0 | D:1      | Delamore the Formicid Fighter began the quest for the Orb.
     0 | D:1      | Reached XP level 1. HP: 18/18 MP: 1/1
    43 | D:1      | Reached XP level 2. HP: 15/24 MP: 2/2
   411 | D:1      | Reached XP level 3. HP: 28/30 MP: 3/3
   904 | D:1      | Found a faded altar of an unknown god.
  1064 | D:1      | Became a worshipper of Ru the Awakened
  1168 | D:2      | Reached XP level 4. HP: 30/37 MP: 4/4
  1717 | D:2      | Reached XP level 5. HP: 42/42 MP: 5/5
  2179 | D:3      | Noticed a sky beast
  2193 | D:3      | Killed a sky beast
  2194 | D:3      | Reached XP level 6. HP: 32/49 MP: 6/6
  2315 | D:3      | Found an ancient bone altar of Kikubaaqudgha.
  2372 | D:3      | Found a bloodstained altar of Trog.
  2927 | D:3      | Reached skill level 5 in Polearms
  3264 | D:4      | Reached skill level 5 in Fighting
  3440 | D:4      | Noticed a necrophage
  3455 | D:4      | Killed a necrophage
  3666 | D:4      | Reached XP level 7. HP: 50/56 MP: 7/7
  4009 | D:4      | Found a hide-covered altar of Uskayaw.
  4284 | D:5      | Entered Level 5 of the Dungeon
  4451 | D:5      | Identified the +7 spear of the Jolly Servitors {freeze,
                  | rPois rC+}
  4647 | D:5      | Reached XP level 8. HP: 62/62 MP: 8/8
  4863 | D:5      | Noticed Pikel
  4879 | D:5      | Killed Pikel
  5301 | D:6      | Reached skill level 10 in Polearms
  5301 | D:6      | Reached XP level 9. HP: 31/68 MP: 9/9
  5515 | D:6      | Found Nerch's Book Emporium.
  5666 | D:6      | Identified the +8 falchion of Diviga {freeze, Stlth+}
  6418 | D:6      | Found a staircase to the Ecumenical Temple.
  6429 | Temple   | Entered the Ecumenical Temple
  6479 | Temple   | Fell from the grace of Ru
  6479 | Temple   | Became a worshipper of Gozag Ym Sagoz the Greedy
  6977 | D:7      | Reached XP level 10. HP: 52/71 MP: 10/10
  7259 | D:7      | Found a transporter.
  7259 | D:7      | Found a transporter.
  7259 | D:7      | Noticed a moth of wrath
  7264 | D:7      | Found a radiant altar of Vehumet.
  7408 | D:7      | Noticed freidrichen's ghost (novice DjWz)
  7422 | D:7      | Found a bloodstained altar of Trog.
  7580 | D:7      | Found a stormy altar of Qazlal.
  8488 | D:8      | Noticed Erica
  8498 | D:8      | Killed Erica
  8666 | D:8      | Found a basalt altar of Yredelemnul.
  8704 | D:8      | Found a shadowy altar of Dithmenos.
  8877 | D:8      | Noticed Psyche
  8884 | D:8      | Killed Psyche
  8885 | D:8      | Reached skill level 5 in Shields
  8887 | D:8      | Reached XP level 11. HP: 74/79 MP: 11/11
  9169 | D:9      | Found a glowing golden altar of the Shining One.
  9236 | D:9      | Noticed a two-headed ogre
  9250 | D:9      | Killed a two-headed ogre
  9623 | D:9      | Reached skill level 5 in Evocations
  9909 | D:9      | Found a staircase to the Orcish Mines.
 10384 | D:9      | Found a sacrificial altar of Ru.
 10474 | D:9      | Noticed Erolcha
 10485 | D:9      | Killed Erolcha
 10486 | D:9      | Reached skill level 5 in Armour
 10751 | D:9      | Noticed Joseph
 10765 | D:9      | Killed Joseph
 10844 | D:9      | Bought a pair of glowing gloves for 172 gold pieces
 11075 | D:10     | Entered Level 10 of the Dungeon
 11143 | D:10     | Noticed a two-headed ogre
 11152 | D:10     | Killed a two-headed ogre
 11503 | D:10     | Found a staircase to the Lair.
 11917 | Lair:1   | Entered Level 1 of the Lair of Beasts
 12114 | Lair:1   | Reached XP level 12. HP: 51/92 MP: 12/12
 12133 | Lair:1   | HP: 3/94 [komodo dragon (24)]
 12455 | Lair:1   | Noticed an eight-headed hydra
 12474 | Lair:1   | Killed an eight-headed hydra
 12529 | Lair:1   | Noticed a boulder beetle
 12541 | Lair:1   | Killed a boulder beetle
 12718 | Lair:1   | Reached skill level 10 in Fighting
 12896 | Lair:1   | Noticed a seven-headed hydra
 12907 | Lair:1   | Killed a seven-headed hydra
 13356 | Lair:1   | Identified the +9 flail of Untruth {speed, rC- Str+6 Int+2}
 13422 | D:9      | Bought a translucent plate armour for 644 gold pieces
 13422 | D:9      | Identified the +4 plate armour of Gozag's Righteous Fury
                  | {Dex+4} (You bought it in a shop on level 9 of the Dungeon)
 13472 | Lair:2   | Noticed a six-headed hydra
 13478 | Lair:2   | Reached skill level 10 in Armour
 13503 | Lair:1   | Reached skill level 1 in Throwing
 13542 | Lair:2   | Killed a six-headed hydra
 13827 | Lair:2   | Reached XP level 13. HP: 103/103 MP: 13/13
 13941 | Lair:2   | Found a staircase to the Swamp.
 15204 | Lair:3   | Reached skill level 5 in Throwing
 15673 | Lair:3   | Found a transporter.
 15673 | Lair:3   | Noticed waddelsworth's ghost (journeyman GnCj)
 15685 | Lair:3   | Found a transporter.
 16140 | Lair:3   | Bought a steaming glaive for 287 gold pieces
 16140 | Lair:3   | Identified the +5 glaive of Uhuuwk {drain, rF+ Str+4
                  | Stlth-} (You bought it in a shop on level 3 of the Lair of
                  | Beasts)
 16196 | Lair:4   | Noticed Kirke
 16534 | Lair:3   | Killed Kirke
 16535 | Lair:3   | Reached skill level 10 in Shields
 16758 | Lair:4   | Found a staircase to the Snake Pit.
 17338 | Lair:4   | Found an iron altar of Okawaru.
 17922 | Lair:4   | Reached XP level 14. HP: 36/110 MP: 14/14
 18554 | Lair:3   | Bought a smouldering halberd for 225 gold pieces
 18554 | Lair:3   | Identified the +5 halberd of Biufiqyn {vorpal, *Noise Str+4
                  | Dex+2} (You bought it in a shop on level 3 of the Lair of
                  | Beasts)
 18824 | Lair:5   | Noticed Urug
 18844 | Lair:5   | Killed Urug
 19019 | Lair:5   | Found a staircase to the Slime Pits.
 19437 | Lair:5   | Found a shimmering blue altar of Sif Muna.
 19912 | Lair:6   | Entered Level 6 of the Lair of Beasts
 19960 | Lair:5   | Reached skill level 10 in Evocations
 20343 | Lair:6   | Noticed a dire elephant
 20343 | Lair:6   | Noticed a dire elephant
 20344 | Lair:6   | Noticed a dire elephant
 20348 | Lair:6   | Noticed a dire elephant
 20509 | Lair:6   | Reached skill level 15 in Polearms
 20781 | Lair:6   | Found a one-way gate to the infinite horrors of the Abyss.
 20784 | Lair:6   | Found a corrupted altar of Lugonu.
 21379 | Lair:6   | Identified the +7 executioner's axe of the Distant Future
                  | {spect, Will++}
 22182 | Lair:6   | Reached XP level 15. HP: 110/117 MP: 15/15
 22222 | Lair:6   | Bought a potion of curing for 51 gold pieces
 22222 | Lair:6   | Bought a potion of resistance for 170 gold pieces
 24084 | Orc:1    | Entered Level 1 of the Orcish Mines
 24084 | Orc:1    | Found Miecs's Antique Armour Shop.
 24123 | Orc:1    | Bought a pair of dazzling boots for 285 gold pieces
 24123 | Orc:1    | Identified the +2 pair of boots of the Illusory Portals
                  | {-Tele rN+ Dex+4 Stlth+} (You bought it in a shop on level
                  | 1 of the Orcish Mines)
 24272 | Orc:1    | Reached skill level 1 in Axes
 24435 | Orc:1    | Noticed Fannar
 24450 | Orc:1    | Killed Fannar
 24784 | Orc:2    | Entered Level 2 of the Orcish Mines
 24812 | Orc:2    | Found a gate leading to a gauntlet.
 24819 | Gauntlet | Entered a Gauntlet
 24819 | Gauntlet | Found a transporter.
 24828 | Gauntlet | Found a transporter.
 24831 | Gauntlet | Found a transporter.
 24832 | Gauntlet | Found a transporter.
 24840 | Gauntlet | Found a transporter.
 24843 | Gauntlet | Found a transporter.
 24844 | Gauntlet | Found a transporter.
 24852 | Gauntlet | Found a transporter.
 24855 | Gauntlet | Found a transporter.
 24856 | Gauntlet | Found a transporter.
 24861 | Gauntlet | Found the +10 morningstar "Eos" {elec, Halo rElec}
 24867 | Gauntlet | Found a transporter.
 24868 | Gauntlet | Found a transporter.
 24879 | Gauntlet | Found a transporter.
 24900 | Gauntlet | Found a transporter.
 25006 | Gauntlet | Reached skill level 2 in Axes
 25222 | Gauntlet | Identified the +9 trident of the Distant Future {vamp,
                  | *Slow +Rage rPois Dex+2}
 25243 | Gauntlet | Identified the Papyrus of the Traveller
 25251 | Gauntlet | Identified the Grimoire of Mutagenic Flames
 25458 | Orc:2    | Found a staircase to the Elven Halls.
 25519 | Orc:2    | Reached skill level 3 in Axes
 25623 | Orc:2    | Reached skill level 4 in Axes
 26107 | Orc:2    | Found Veceown's Distillery.
 26116 | Orc:2    | Found Gunkur's Armour Shoppe.
 26119 | Orc:2    | Found Loist's Magic Scroll Shop.
 26135 | Orc:2    | Reached XP level 16. HP: 73/129 MP: 16/16
 26337 | Orc:2    | Bought a potion of heal wounds for 80 gold pieces
 26349 | Orc:2    | Bought a scroll of fog for 22 gold pieces
 26351 | Orc:2    | Found Qouwn's Jewellery Boutique.
 26360 | Orc:2    | Bought the amulet of the Four Winds {rN+ Will+++ Clar} for
                  | 526 gold pieces
 26360 | Orc:2    | Found the amulet of the Four Winds {rN+ Will+++ Clar}
 26668 | Orc:1    | Bought a bloodstained plate armour for 840 gold pieces
 26668 | Orc:1    | Identified the +4 plate armour "Ompi" {rN+ Dex+2} (You
                  | bought it in a shop on level 1 of the Orcish Mines)
 26668 | Orc:1    | Bought a transparent cloak for 285 gold pieces
 26668 | Orc:1    | Identified the +0 cloak of Xid Qakku {*Corrode rElec rF+
                  | rN++} (You bought it in a shop on level 1 of the Orcish
                  | Mines)
 26783 | D:11     | Reached skill level 5 in Axes
 26931 | D:11     | Noticed Nergalle
 26937 | D:11     | Killed Nergalle
 26938 | D:11     | Reached skill level 15 in Shields
 27089 | D:11     | Noticed Sonja
 27098 | D:11     | Killed Sonja
 27210 | D:11     | Found a runed translucent gate.
 27210 | D:11     | Found a runed translucent gate.
 27210 | D:11     | Found a runed translucent gate.
 27217 | D:11     | Noticed 27snakeeyes612's ghost (journeyman MiBe)
 27238 | D:11     | Killed 27snakeeyes612's ghost
 27245 | D:11     | Reached skill level 6 in Axes
 27826 | D:12     | Identified the +5 arbalest of the Big Bang {freeze, rPois
                  | Will- Int-3 Stlth+}
 27847 | D:12     | Reached skill level 7 in Axes
 27981 | D:12     | Found a frozen archway.
 28029 | IceCv    | Entered an ice cave
 28676 | IceCv    | Got the ring of the Morning {*Corrode rPois rC+ Int+3
                  | Stlth+}
 28835 | IceCv    | Reached skill level 8 in Axes
 29370 | IceCv    | Found a viscous altar of Jiyva.
 29370 | IceCv    | Noticed an azure jelly
 29376 | IceCv    | Killed an azure jelly
 29391 | IceCv    | Reached skill level 9 in Axes
 29538 | IceCv    | Identified the +6 ice dragon scales of Ehiash {rF- rC++
                  | Will+ Str+3}
 29541 | IceCv    | Identified the +6 tower shield "Ireyfetedgh" {Str+7}
 30892 | D:13     | Reached skill level 10 in Axes
 31157 | D:14     | Reached XP level 17. HP: 139/139 MP: 17/17
 31289 | D:14     | Found a gate to the Vaults.
 31518 | D:14     | Reached skill level 11 in Axes
 32074 | D:15     | Entered Level 15 of the Dungeon
 32074 | D:15     | Found a staircase to the Depths.
 32789 | D:15     | Found a runed translucent gate.
 32789 | D:15     | Found a runed translucent gate.
 32789 | D:15     | Found a runed translucent gate.
 32793 | D:15     | Noticed Ytiohuf's ghost (journeyman GrEE)
 32794 | D:15     | Identified the ring "Opuewil" {rElec Str+6}
 33157 | D:15     | Reached skill level 12 in Axes
 33236 | D:15     | Found a blossoming altar of Fedhas.
 33298 | D:15     | Found a sparkling altar of Nemelex Xobeh.
 33626 | D:15     | Killed Ytiohuf's ghost
 33639 | D:15     | Reached skill level 15 in Fighting
 33927 | D:7      | Killed freidrichen's ghost
 34207 | Lair:3   | Killed waddelsworth's ghost
 34357 | Swamp:1  | Entered Level 1 of the Swamp
 34452 | Swamp:1  | Reached skill level 13 in Axes
 35364 | Swamp:1  | Reached XP level 18. HP: 85/149 MP: 18/18
 35786 | Swamp:1  | Reached skill level 14 in Axes
 38220 | Swamp:3  | Reached skill level 15 in Axes
 38962 | Swamp:4  | Entered Level 4 of the Swamp
 39955 | Swamp:4  | Reached skill level 16 in Axes
 40056 | Swamp:4  | Noticed the 27-headed Lernaean hydra
 40071 | Swamp:4  | Killed the 27-headed Lernaean hydra
 40787 | Swamp:4  | Got a decaying rune of Zot
 40986 | Snake:1  | Entered Level 1 of the Snake Pit
 41093 | Swamp:1  | Bought the ring "Xepyuxye" {rPois rF+} for 687 gold pieces
 41191 | Snake:1  | Found Tedwouri's Distillery.
 41206 | Snake:1  | Reached XP level 19. HP: 155/155 MP: 19/19
 41237 | Snake:1  | Bought a potion of curing for 33 gold pieces
 41237 | Snake:1  | Bought a potion of might for 44 gold pieces
 41237 | Snake:1  | Bought a potion of might for 44 gold pieces
 41237 | Snake:1  | Bought a potion of might for 44 gold pieces
 41254 | Snake:1  | Reached skill level 17 in Axes
 43569 | Snake:2  | Reached skill level 18 in Axes
 43571 | Snake:2  | Noticed Aizul
 43577 | Snake:2  | Killed Aizul
 43662 | Snake:2  | Noticed Louise
 43676 | Snake:2  | Killed Louise
 45500 | Snake:3  | Reached skill level 19 in Axes
 45630 | Snake:3  | Found a runed translucent door.
 45635 | Snake:3  | Noticed EldarEldrad's ghost (adept DEFE)
 46014 | Snake:3  | Killed EldarEldrad's ghost
 46286 | Snake:3  | Bought a pitted plate armour for 644 gold pieces
 46286 | Snake:3  | Identified the +10 plate armour of Quigulul {Str+4} (You
                  | bought it in a shop on level 3 of the Snake Pit)
 46312 | Snake:4  | Entered Level 4 of the Snake Pit
 46443 | Snake:4  | Reached XP level 20. HP: 160/162 MP: 20/20
 46528 | Snake:4  | Noticed Agnes
 46533 | Snake:4  | Killed Agnes
 46746 | Snake:4  | Found Gumij's Book Shoppe.
 46746 | Snake:4  | Found Arghuar's Jewellery Shop.
 46747 | Snake:4  | Found Myujab's Jewellery Shop.
 46790 | Snake:4  | Noticed Vashnia
 46801 | Snake:4  | Killed Vashnia
 46998 | Snake:4  | Reached skill level 20 in Axes
 47064 | Snake:4  | Found a bloodstained altar of Trog.
 47501 | Snake:4  | Noticed Mara
 47535 | Snake:4  | Killed Mara
 48725 | Snake:4  | Got a serpentine rune of Zot
 49030 | Snake:4  | Reached skill level 21 in Axes
 49347 | Vaults:1 | Entered Level 1 of the Vaults
 50024 | Vaults:1 | Identified the +3 war axe "Wynoxaumm" {elec, SInv}
 50031 | Vaults:1 | Reached XP level 21. HP: 166/168 MP: 21/21
 50407 | Vaults:1 | Reached skill level 22 in Axes
 51387 | Vaults:2 | Bought a scroll of magic mapping for 49 gold pieces
 51387 | Vaults:2 | Bought a scroll of silence for 105 gold pieces
 51771 | Vaults:2 | Reached skill level 23 in Axes
 52205 | Vaults:2 | Found a staircase to the Crypt.
 52581 | Vaults:2 | Reached XP level 22. HP: 151/175 MP: 22/22
 52934 | Crypt:1  | Entered Level 1 of the Crypt
 52934 | Crypt:1  | Noticed Frederick
 53999 | Vaults:3 | Reached skill level 24 in Axes
 55427 | Vaults:4 | Reached skill level 1 in Dodging
 55712 | Vaults:4 | Reached XP level 23. HP: 181/181 MP: 23/23
 55941 | Vaults:4 | Found the macabre finger necklace {rN+}
 56793 | Depths:1 | Entered Level 1 of the Depths
 57431 | Depths:1 | Found a shimmering blue altar of Sif Muna.
 57557 | Depths:1 | Got Sif Muna's Compendium of Arcane Weapons
 57593 | Depths:1 | You fall into a shaft and drop 1 floor!
 58315 | Depths:2 | Reached skill level 5 in Dodging
 58477 | Depths:2 | Identified the +5 flail "Ultimatum" {vorpal, rPois Dex+5
                  | SInv Stlth-}
 58497 | Depths:2 | Reached XP level 24. HP: 123/191 MP: 23/23
 58511 | Depths:2 | Noticed the Enchantress
 58525 | Depths:2 | Killed the Enchantress
 59027 | Depths:2 | Found a gateway to a ziggurat.
 59117 | Depths:2 | Found a gateway to Hell.
 59503 | Depths:2 | Found a bloodstained altar of Trog.
 60215 | Depths:2 | Identified the +3 chain mail of Spite {rElec rF+ rC- Str+3}
 60691 | Hell     | Entered the Vestibule of Hell
 60691 | Hell     | Noticed Geryon
 60937 | Depths:3 | Found an iron altar of Okawaru.
 61548 | Depths:3 | Found a one-way gate leading to the halls of Pandemonium.
 62910 | Depths:4 | Reached XP level 25. HP: 149/200 MP: 23/23
 63095 | Depths:4 | Noticed a caustic shrike
 63099 | Depths:4 | Noticed a caustic shrike
 63106 | Depths:4 | Killed a caustic shrike
 63117 | Depths:4 | Killed a caustic shrike
 64129 | Depths:5 | Entered Level 5 of the Depths
 64426 | Depths:5 | Noticed a caustic shrike
 64426 | Depths:5 | Noticed a caustic shrike
 64426 | Depths:5 | Noticed a caustic shrike
 64426 | Depths:5 | Noticed a caustic shrike
 64439 | Depths:5 | Killed a caustic shrike
 64448 | Depths:5 | Killed a caustic shrike
 64456 | Depths:5 | Killed a caustic shrike
 64457 | Depths:5 | Killed a caustic shrike
 65422 | Depths:5 | Reached XP level 26. HP: 184/209 MP: 23/23
 65520 | Depths:5 | Found a glowing golden altar of the Shining One.
 66700 | Depths:5 | Found a gate to the Realm of Zot.
 67022 | Depths:5 | Identified the +8 plate armour of the Red Skies {rElec rC++
                  | Str+2 Int-2}
 67516 | Elf:1    | Entered Level 1 of the Elven Halls
 67695 | Elf:1    | Bought a scroll of immolation for 129 gold pieces
 67695 | Elf:1    | Bought a tin of tremorstones (2/2) for 1480 gold pieces
 67735 | Elf:1    | Bought 2 scrolls of fog for 48 gold pieces
 67735 | Elf:1    | Bought 2 scrolls of silence for 180 gold pieces
 67756 | Elf:1    | Reached skill level 10 in Dodging
 67763 | Elf:1    | Identified the ring of the Tempest {Fire rN+ Slay+3}
 68140 | Elf:1    | Found a radiant altar of Vehumet.
 68698 | Elf:1    | Reached skill level 15 in Evocations
 68986 | Elf:1    | Reached skill level 15 in Armour
 69478 | Elf:2    | Found a huge runed translucent gate.
 69478 | Elf:2    | Found a huge runed translucent gate.
 69479 | Elf:2    | Found a huge runed translucent gate.
 69480 | Elf:2    | Found a huge runed translucent gate.
 69481 | Elf:2    | Found a huge runed translucent gate.
 69507 | Elf:2    | Reached XP level 27. HP: 219/219 MP: 23/23
 70446 | Elf:3    | Entered Level 3 of the Elven Halls
 70774 | Elf:3    | Identified the +6 flail of Wefrifuj {drain, *Noise rPois
                  | Str+4}
 70774 | Elf:3    | Identified the ring of Nurr {Will+ Slay+3}
 70822 | Elf:3    | Found the amulet of Vitality {Regen+ HP+15}
 70840 | Elf:3    | Identified the Disquisition on Icy Creation
 70848 | Elf:3    | Identified the Tome of Companions
 70901 | Elf:3    | Identified the -4 pair of gloves "Dostifaipo" {Dex+3}
 70981 | Elf:3    | Identified the Compendium of Scorching Creation
 71037 | Elf:3    | Identified Sif Muna's Compendium of the Birds
 71065 | Elf:3    | Identified the Papyrus of Venom and Flames
 71192 | Elf:3    | Identified a scroll of acquirement
 71193 | Elf:3    | Acquired 1208 gold pieces
 71273 | Elf:3    | Found Optouk Teuti's Distillery.
 71373 | Elf:3    | Bought a potion of heal wounds for 70 gold pieces
 71373 | Elf:3    | Bought a potion of mutation for 112 gold pieces
 71508 | Elf:3    | Identified the +10 flail "Newtslayer" {antimagic, rN+
                  | Will+}
 71818 | Elf:3    | Identified the +2 chain mail "Hero's Friend" {rF+ rN+}
 72240 | Vaults:5 | Entered Level 5 of the Vaults
 72483 | Vaults:5 | Noticed a dread lich
 72493 | Vaults:5 | Killed a dread lich
 72882 | Vaults:5 | Noticed Jory
 72884 | Vaults:5 | Found Leozaege's General Store.
 72932 | Vaults:5 | Bought a potion of might for 68 gold pieces
 72935 | Vaults:5 | Got a silver rune of Zot
 73225 | Vaults:5 | Identified the Volume of Hurtful Changing
 73959 | Vaults:5 | Identified the +10 plate armour of Thoughtfulness {Harm
                  | Will+}
 74934 | Zot:1    | Entered Level 1 of the Realm of Zot
 74958 | Zot:1    | Noticed a Killer Klown
 74958 | Zot:1    | Noticed a Killer Klown
 74958 | Zot:1    | Noticed a Killer Klown
 74958 | Zot:1    | Noticed a Killer Klown
 74958 | Zot:1    | Noticed a Killer Klown
 74965 | Zot:1    | Killed a Killer Klown
 74973 | Zot:1    | Killed a Killer Klown
 75472 | Zot:1    | Killed a Killer Klown
 75740 | Zot:1    | Killed a Killer Klown
 75744 | Zot:1    | Killed a Killer Klown
 75836 | Zot:1    | Bought a potion of curing for 132 gold pieces
 75836 | Zot:1    | Bought a twisted runed staff for 528 gold pieces
 75836 | Zot:1    | Bought a flickering bronze amulet for 220 gold pieces
 75836 | Zot:1    | Identified the amulet of Ezyam {Faith rElec Dex-5 Slay+2
                  | Stlth+} (You bought it in a shop on level 1 of the Realm of
                  | Zot)
 75836 | Zot:1    | Bought a potion of curing for 132 gold pieces
 79318 | Zot:3    | Identified the ring "Buqaehamau" {Will+ rCorr Str+5}
 80421 | Zot:4    | Noticed an orb of fire
 80423 | Zot:4    | Gained mutation: You sometimes lose the ability to read
                  | scrolls when taking damage. [an orb of fire]
 80434 | Zot:4    | Gained mutation: Your muscles are strong. (Str +2) [an orb
                  | of fire]
 80441 | Zot:4    | Killed an orb of fire
 80809 | Zot:3    | Lost mutation: Your muscles are strong. (Str +2) [potion of
                  | mutation]
 80809 | Zot:3    | Lost mutation: You sometimes lose the ability to read
                  | scrolls when taking damage. [potion of mutation]
 80809 | Zot:3    | Gained mutation: Your spells are a little harder to cast,
                  | but a little more powerful. [potion of mutation]
 80809 | Zot:3    | Gained mutation: Armour fits poorly on your strangely
                  | shaped body. [potion of mutation]
 80809 | Zot:3    | Gained mutation: You evolve. [potion of mutation]
 80809 | Zot:3    | Gained mutation: You are resistant to electric shocks.
                  | (rElec) [potion of mutation]
 81476 | Zot:4    | Noticed a Killer Klown
 81479 | Zot:4    | Killed a Killer Klown
 81677 | Zot:5    | Entered Level 5 of the Realm of Zot
 82132 | Zot:5    | Noticed a Killer Klown
 82147 | Zot:5    | Killed a Killer Klown
 82495 | Zot:5    | Noticed a Killer Klown
 82496 | Zot:5    | Noticed a Killer Klown
 82503 | Zot:5    | Noticed an orb of fire
 82509 | Zot:5    | Noticed a dread lich
 82509 | Zot:5    | Noticed an orb of fire
 82509 | Zot:5    | Noticed an orb of fire
 82510 | Zot:5    | Noticed a Killer Klown
 82510 | Zot:5    | Killed a Killer Klown
 82515 | Zot:5    | Killed a dread lich
 82515 | Zot:5    | Noticed an orb of fire
 82517 | Zot:5    | Killed an orb of fire
 82522 | Zot:5    | Killed a Killer Klown
 82522 | Zot:5    | Killed a Killer Klown
 82541 | Zot:5    | Gained mutation: You are weak. (Str -2) [an orb of fire]
 82544 | Zot:5    | Killed an orb of fire
 82545 | Zot:5    | Noticed a Killer Klown
 82551 | Zot:5    | Noticed an orb of fire
 82552 | Zot:5    | Noticed a dread lich
 82554 | Zot:5    | Killed a Killer Klown
 82565 | Zot:5    | Killed a dread lich
 82940 | Zot:5    | Killed an orb of fire
 82945 | Zot:5    | Killed an orb of fire
 83298 | Zot:5    | Noticed a dread lich
 83303 | Zot:5    | Killed a dread lich
 83349 | Zot:5    | Noticed an orb of fire
 83351 | Zot:5    | Gained mutation: Your body sometimes deteriorates upon
                  | taking damage. [an orb of fire]
 83355 | Zot:5    | Lost mutation: Your spells are a little harder to cast, but
                  | a little more powerful. [an orb of fire]
 83360 | Zot:5    | Gained mutation: You are very weak. (Str -4) [an orb of
                  | fire]
 83363 | Zot:5    | Killed an orb of fire
 83392 | Zot:5    | Gained mutation: You are strong-willed. (Will+) [evolution]
 84449 | D:9      | Bought a glowing scarf for 184 gold pieces
 84738 | Crypt:1  | Killed Frederick
 85041 | Crypt:1  | You fall into a shaft and drop 1 floor!
 86013 | Crypt:3  | Entered Level 3 of the Crypt
 86573 | Crypt:3  | Noticed an ancient lich
 86575 | Crypt:3  | Found the +4 moon troll leather armour {Spirit, Regen++
                  | MP+5}
 86582 | Crypt:3  | Killed an ancient lich
 86648 | Crypt:3  | Noticed an ancient lich
 86648 | Crypt:3  | Noticed a dread lich
 86657 | Crypt:3  | Killed an ancient lich
 86660 | Crypt:3  | Killed a dread lich
 86672 | Crypt:3  | Identified the Compendium of Sinister Rituals
 87118 | Crypt:3  | Found a staircase to the Tomb.
 87959 | Zig:1    | Entered Level 1 of a ziggurat
 87978 | Zig:2    | Entered Level 2 of a ziggurat
 87978 | Zig:2    | Noticed Vaexuiv the pandemonium lord
 88006 | Zig:2    | Killed Vaexuiv the pandemonium lord
 88084 | Zig:3    | Entered Level 3 of a ziggurat
 88123 | Zig:4    | Entered Level 4 of a ziggurat
 88125 | Zig:4    | Noticed a Killer Klown
 88143 | Zig:4    | Killed a Killer Klown
 88144 | Zig:4    | Lost mutation: Your body sometimes deteriorates upon taking
                  | damage. [potion of mutation]
 88144 | Zig:4    | Lost mutation: You evolve. [potion of mutation]
 88144 | Zig:4    | Gained mutation: You have a beak for a mouth. [potion of
                  | mutation]
 88144 | Zig:4    | Gained mutation: You expend magic power (3 MP) to
                  | strengthen your wands. [potion of mutation]
 88145 | Zig:4    | Lost mutation: You are strong-willed. (Will+) [potion of
                  | mutation]
 88145 | Zig:4    | Lost mutation: Armour fits poorly on your strangely shaped
                  | body. [potion of mutation]
 88145 | Zig:4    | Lost mutation: You have a beak for a mouth. [potion of
                  | mutation]
 88145 | Zig:4    | Gained mutation: Your magical capacity is low. (-10% MP)
                  | [potion of mutation]
 88145 | Zig:4    | Gained mutation: You have large cloven feet. [potion of
                  | mutation]
 88197 | Zig:5    | Entered Level 5 of a ziggurat
 88200 | Zig:5    | Noticed a juggernaut
 88200 | Zig:5    | Noticed a juggernaut
 88201 | Zig:5    | Found the +7 great mace "Undeadhunter" {disrupt, rN+}
 88210 | Zig:5    | Killed a juggernaut
 88210 | Zig:5    | Killed a juggernaut
 88358 | Zig:6    | Entered Level 6 of a ziggurat
 88362 | Zig:6    | Noticed a dread lich
 88365 | Zig:6    | Found the +8 whip "Snakebite" {curare, rPois}
 88373 | Zig:6    | Killed a dread lich
 88517 | Zig:7    | Entered Level 7 of a ziggurat
 88521 | Zig:7    | Noticed a royal mummy
 88527 | Zig:7    | Noticed a royal mummy
 88536 | Zig:7    | HP: 10/235 [mummy priest (6)]
 88537 | Zig:7    | Slain by an emperor scorpion

Illustrated notes

Levels and vault maps discovered:
D:1:      mrwooster_arrival_arrow, layout_basic,
          shapermc_ecumenical_altar_totnotflames
D:2:      layout_loops_ring
D:3:      layout_basic, lemuel_coloured_pillars_altar, old_standard_altar
D:4:      layout_basic, lemuel_round_altar
D:5:      layout_basic, kennysheep_generic_room_7, uniq_pikel
D:6:      layout_gridville, lemuel_temple_firewalk_a, serial_shops,
          nicolae_shop_crystal, chequers_mini_garden, minmay_holes,
          grunt_ministairs_12, minivault_11
D:7:      layout_loops_ring, nicolae_qazlal_scattered_showers, vehumet_crystals,
          gammafunk_ghost_wrathful_warriors, minmay_diced_spiral
D:8:      layout_loops_cross, nicolae_overflow_hidden_temple,
          lemuel_crystal_altar, uniq_erica, uniq_psyche
D:9:      statuecave_lemuel, layout_basic, marbit_many_paths,
          nicolae_overflow_crystal_walls, david_orc_2, uniq_erolcha, uniq_joseph
D:10:     layout_irregular_city, lair_entry_dummy
D:11:     layout_stronghold, gammafunk_ghost_necromancy, amethyst_killhole,
          uniq_sonja, uniq_nergalle
D:12:     minmay_separated_statues, layout_rooms, serial_undead,
          serial_undead_f, serial_undead_f, serial_undead_d, serial_undead_e,
          serial_undead_b, serial_undead_b, serial_undead_b, serial_undead_a,
          portal_ice_cave_entry_pillars_2, hangedman_fish_farm
D:13:     layout_rooms, chequers_serial_rivers_small_b
D:14:     layout_rooms, erik_vaults_2, serial_glass, glass_columns_b,
          glass_columns_a
D:15:     grunt_enter_depths_giant_problem, layout_long_grid,
          maelrawn_ghost_gauntlet_escape, fedhas_altar_3,
          nemelex_diamond_rough_becter
Temple:   nicolae_temple_god_jail
Lair:1:   layout_loops_ring, nzn_sisyphean_effort, lemuel_fruit_tree
Lair:2:   layout_regular_city, swamp_mist_pool, serial_bayou_lagoon_b
Lair:3:   layout_long_grid, gammafunk_ghost_hive, kennysheep_abandoned_house
Lair:4:   layout_hall_layers, guppyfry_snake_entry_garden, basic_altar,
          serial_bayou_shore_a, infiniplex_staircase_pool, uniq_kirke
Lair:5:   layout_roguey, nicolae_slime_entry_slimehenge, basic_altar,
          st_stairs_6, lemuel_old_faithful, grunt_megastairs_5, uniq_urug
Lair:6:   due_jungle_book, layout_gridlike, amcnicky_altar_lugonu_corruption
Swamp:1:  layout_basic_swamp, evilmike_swamp_ruin_house_1, swamp_pool1,
          hangedman_swamp_wriggling
Swamp:2:  layout_basic_swamp, hangedman_swamp_lotus
Swamp:3:  layout_falls_marsh, evilmike_swamp_ruin_rubble_1
Swamp:4:  swamp_old_school, layout_basic_swamp, swamp_pool5
Snake:1:  layout_honeycomb, serial_shops, shop
Snake:2:  layout_cave_pods, uniq_louise, uniq_aizul
Snake:3:  layout_honeycomb, ebering_ghost_reflecting_pool
Snake:4:  hellmonk_snake_rune_quicksilver_temple, layout_layer_cave,
          basic_altar, minmay_shop_grove, uniq_vashnia, uniq_mara, uniq_agnes
Orc:1:    layout_caves, basic_altar, serial_shops,
          nicolae_shop_overgrown_old_shop, nicolae_orc_lava_room, uniq_fannar
Orc:2:    st_orc_open, layout_caves, gauntlet_entry_generic
Elf:1:    minmay_the_grid_octo_tiled_squarecenter_mashed
          [minmay_the_grid_octo_odd_swirl, minmay_the_grid_octo_focus,
          minmay_the_grid_octo_thin_diamonds,
          minmay_the_grid_octo_vomiting_pacman,
          minmay_the_grid_square_5x5_megaprize_checkered,
          minmay_the_grid_square_5x5_two_walls_b,
          minmay_the_grid_square_5x5_percent,
          minmay_the_grid_square_5x5_two_walls_a,
          minmay_the_grid_square_5x5_bracketed], layout_loops_corners,
          evilmike_minifort
Elf:2:    layout_gridlike
Elf:3:    minmay_elf_hall_spiked, layout_geoelf_octagon, serial_shops, shop,
          guppyfry_elf_castle
Vaults:1: nicolae_vaults_halls_meeting, hangedman_vaults_slice,
          hangedman_vaults_variations, v_alt_pattern_3, v_alt_pattern_1,
          vaults_room_stairs_pillars, grunt_vaults_hallway_short,
          nicolae_vaults_shelves_hall, hangedman_vaults_trim,
          hangedman_vaults_restitches, v_misc_3, v_rooms_1,
          layout_vaults_omnicross
Vaults:2: ontoclasm_vaults_loading_screen, ontoclasm_vaults_fault,
          grunt_vaults_trifunnel, vaults_room_large_hall, v_rooms_5,
          minmay_crypt_entry_simple_box, v_misc_15, nicolae_vaults_angled_halls,
          nicolae_vaults_twisting_passages, v_misc_12, vaults_dpeg_ring,
          vaults_room_corners, layout_vaults_big_room
Vaults:3: grunt_vaults_funnel, nicolae_vaults_mini_display_case,
          vaults_room_ringed_pool, v_pattern_3, vaults_room_fancy_cross,
          v_alt_pattern_3, vaults_room_door_ring,
          nicolae_vaults_border_crossing, dpeg_vaults_monster_box,
          layout_vaults_omnigrid
Vaults:4: hangedman_vaults_nails, v_misc_26, vaults_standard_mumra_x,
          vaults_room_boxed, ontoclasm_vaults_shuriken,
          nicolae_vaults_lopsided_apartments, vaults_dpeg_hooks,
          nicolae_vaults_three_branches, ontoclasm_vaults_tryst,
          ontoclasm_vaults_chip, ontoclasm_vaults_loading_screen,
          ontoclasm_vaults_loading_screen, layout_vaults_omnibox
Vaults:5: uniq_jory
Crypt:1:  layout_chaotic_city, grunt_megastairs_1, uniq_frederick
Crypt:2:  layout_misc_corridors
Crypt:3:  david_glass_crypt, layout_misc_corridors, tomb_entry_simple_bobbens
Depths:1: layout_cave_shapes, minmay_crystal_room, grunt_hell_entry_dis_old,
          nicolae_sif_muna_little_library
Depths:2: spriggan_forest, serial_shops, hell_entry
Depths:3: grunt_deathspiral_small, layout_cave_pools, grunt_mini_vestibule,
          okawaru_ov_weapons_minmay, serial_co_window_serial,
          co_window_corner_a, co_window_of_opportunity_a,
          co_window_of_opportunity_a, co_window_of_opportunity_a,
          co_window_corner_a, co_window_corner_cb, co_window_cross_2,
          co_window_of_opportunity_c, co_window_corner_cb,
          rand_demon_pan_entry_5, hangedman_abyss_or_decor_slice,
          minmay_misc_feat_more_columns, minmay_misc_feat_chi
Depths:4: kennysheep_green_arena, layout_gridville, hellmouth_1,
          amcnicky_mini_rare_corridor_liquid, hangedman_abyss_entry_splay,
          kennysheep_path_1, infiniplex_staircase_pool_2
Depths:5: lemuel_castle_with_subvaults [lemuel_castle_interior_carwin_1],
          layout_gridlike, marbit_kobold_abyss_entry, hell_entry,
          grunt_pan_entry_in_and_out, nicolae_tso_swordbearing_angel
Hell
Zot:1:    kennysheep_blocky_room, layout_concentric_octagons, drop_trap
Zot:2:    layout_gridlike
Zot:3:    layout_concentric_octagons, skrybe_zot_glass_3
Zot:4:    layout_twisted_circle
Zot:5:    layout_basic, grunt_ministairs_1
Zig:7

Skill      XL: |  1  2  3  4  5  6  7  8  9 10 11 12 13 14 15 16 17 18 19 20 21 22 23 24 25 26 27 |
---------------+----------------------------------------------------------------------------------+-----
Polearms       | 3 4 6 7 10 12 14 15 | 15.2
Fighting       | 4 5 8 10 12 14 15 16 17 18 23 | 23.0
Shields        | 5 7 10 13 14 15 16 17 18 19 23 | 23.5
Evocations     | 3 5 8 10 11 12 14 15 20 | 20.0
Armour         | 7 10 11 12 14 15 20 | 20.0
Throwing       | 2 6 |  6.0
Axes           | 4 10 13 16 19 21 23 24 | 24.8
Dodging        | 1 5 7 9 10 14 | 14.9

Action                   |  1- 3 |  4- 6 |  7- 9 | 10-12 | 13-15 | 16-18 | 19-21 | 22-24 | 25-27 || total
-------------------------+-------+-------+-------+-------+-------+-------+-------+-------+-------++-------
Melee: Trident           |    95 |   150 |    54 |       |       |       |       |       |       ||   299
       Spear             |       |       |   231 |   614 |   313 |       |       |       |       ||  1158
       Glaive            |       |       |       |       |   161 |       |       |       |       ||   161
       Unarmed           |       |       |       |       |     1 |       |       |       |       ||     1
       Demon trident     |       |       |       |       |   701 |  1653 |   163 |       |       ||  2517
       Executioner's axe |       |       |       |       |       |       |   586 |   847 |  1723 ||  3156
Throw: Javelin           |       |       |     4 |     2 |       |       |       |       |     9 ||    15
       Dart              |       |       |       |    26 |    34 |    13 |       |       |       ||    73
       Throwing net      |       |       |       |       |     3 |       |       |       |       ||     3
       Boomerang         |       |       |       |       |       |       |       |    16 |    10 ||    26
Invok: Call Merchant     |       |       |       |     1 |     2 |     2 |     2 |       |     4 ||    11
       Potion Petition   |       |       |       |       |       |     1 |       |     1 |     6 ||     8
       Bribe Branch      |       |       |       |       |       |       |       |       |     2 ||     2
 Abil: Dig               |       |     1 |     5 |    20 |     9 |    15 |    10 |     1 |    17 ||    78
Evoke: Wand              |       |       |       |     8 |    13 |     4 |     3 |       |       ||    28
       Condenser vane    |       |       |       |       |       |     1 |     2 |     4 |     9 ||    16
       Phantom mirror    |       |       |       |       |       |       |       |       |     7 ||     7
       Lightning rod     |       |       |       |       |       |       |       |       |     4 ||     4
       Tin of tremorston |       |       |       |       |       |       |       |       |     3 ||     3
  Use: Scroll            |       |     4 |     2 |     8 |    14 |     6 |       |       |     5 ||    39
       Potion            |       |       |       |     1 |     1 |     3 |     1 |       |    15 ||    21
 Stab: Distracted        |       |       |       |     2 |     8 |    14 |    21 |    23 |    60 ||   128
       Held in net/web   |       |       |       |       |     1 |       |       |       |       ||     1
       Paralysed         |       |       |       |       |       |     2 |       |       |       ||     2
       Invisible         |       |       |       |       |       |       |       |       |     1 ||     1
       Confused          |       |       |       |       |       |       |       |       |     1 ||     1
Armor: Scale mail        |    45 |    49 |    42 |    60 |       |       |       |       |       ||   196
       Plate armour      |       |       |       |    27 |   262 |   377 |   136 |   156 |   316 ||  1274
Dodge: Dodged            |    21 |    43 |    74 |    92 |   209 |   136 |    75 |    78 |   245 ||   973
Block: Kite shield       |    45 |    51 |    82 |   157 |   457 |   117 |       |       |       ||   909
       Tower shield      |       |       |       |       |       |   953 |   687 |   679 |  1343 ||  3662

Table legend: (Time is in decaauts)
 A = Elapsed time spent in this place.
 B = Non-inter-level travel time spent in this place.
 C = Inter-level travel time spent in this place.
 D = Time resting spent in this place.
 E = Time spent auto-exploring this place.
 F = Levels seen in this place.
 G = Mean time per level.
                   A        B        C        D        E       F      G
               +--------+--------+--------+--------+--------+-----+--------+
         Total |  86754 |  80785 |   5969 |  16801 |  50929 |  63 | 1377.0 |
       Dungeon |  18153 |  16337 |   1816 |   2876 |  10779 |  15 | 1210.2 |
        Temple |     59 |     41 |     18 |      0 |     39 |   1 |   59.0 |
          Lair |  12097 |  11283 |    814 |   3973 |   5633 |   6 | 2016.2 |
         Swamp |   6709 |   6378 |    331 |   1838 |   3665 |   4 | 1677.2 |
     Snake Pit |   7946 |   7741 |    205 |   1625 |   5047 |   4 | 1986.5 |
  Orcish Mines |   2035 |   1912 |    123 |    351 |   1138 |   2 | 1017.5 |
   Elven Halls |   4266 |   4113 |    153 |    231 |   3036 |   3 | 1422.0 |
        Vaults |  10242 |   8943 |   1299 |    282 |   7223 |   5 | 2048.4 |
         Crypt |   2915 |   2843 |     72 |    562 |   1821 |   3 |  971.7 |
        Depths |  11420 |  10523 |    897 |   2182 |   6664 |   5 | 2284.0 |
          Hell |      1 |      1 |      0 |      0 |      0 |   1 |    1.0 |
           Zot |   8341 |   8103 |    238 |   1988 |   5030 |   5 | 1668.2 |
      Ziggurat |    553 |    553 |      0 |     63 |    279 |   7 |   79.0 |
      Ice Cave |   1532 |   1532 |      0 |    696 |    502 |   1 | 1532.0 |
      Gauntlet |    478 |    478 |      0 |    130 |     71 |   1 |  478.0 |
               +--------+--------+--------+--------+--------+-----+--------+

Top non-repeatable levels by time:
Depths:5: 3904 daAuts
  Lair:6: 2858 daAuts
Depths:2: 2763 daAuts
 Swamp:1: 2698 daAuts
 Snake:4: 2632 daAuts
  Lair:5: 2484 daAuts
Vaults:1: 2473 daAuts
 Snake:3: 2459 daAuts
     D:9: 2119 daAuts
Vaults:3: 2109 daAuts
Vaults:4: 1917 daAuts
Vaults:5: 1907 daAuts
   Zot:5: 1898 daAuts
Vaults:2: 1835 daAuts
  Lair:2: 1816 daAuts
